 Dungeon Crawl Stone Soup version 0.21.1-1-g345015fe64 (webtiles) character file.

3070 MMallukka the Protected (level 9, -4/81 HPs)
             Began as a Minotaur Berserker on May 16, 2018.
             Was a Priest of Trog.
             Slain by a gnoll
             ... wielding a +0 spear
              (7 damage)
             ... on level 8 of the Dungeon on May 21, 2018.
             The game lasted 00:35:29 (4607 turns).

MMallukka the Protected (Minotaur Berserker)        Turns: 4607, Time: 00:35:30

Health: -4/81      AC:  9    Str: 25    XL:     9   Next: 58%
Magic:  17/17      EV: 12    Int:  4    God:    Trog [***...]
Gold:   212        SH:  4    Dex: 10    Spells: 8/8 levels left

rFire    . . .     SeeInvis .   v - -3 war axe (curse)
rCold    . . .     Gourm    .   h - +0 buckler
rNeg     + . .     Faith    .   r - +0 scale mail
rPois    .         Spirit   .   (helmet restricted)
rElec    .         Reflect  .   (no cloak)
rCorr    .         Harm     .   (no gloves)
MR       .....                  l - +0 pair of boots
Stlth    ..........             b - amulet of rage
HPRegen  0.23/turn              d - ring of positive energy
MPRegen  0.15/turn              u - ring of magical power

@: about to teleport, berserk cooldown, slowed, very slow
A: retaliatory headbutt, horns 2
a: Berserk, Trog's Hand, Burn Spellbooks, Renounce Religion, Evoke Berserk Rage


You were on level 8 of the Dungeon.
You worshipped Trog.
Trog was most pleased with you.
You were hungry.

You visited 1 branch of the dungeon, and saw 8 of its levels.

You collected 212 gold pieces.

Inventory:

Hand Weapons
 e - a +2 long sword of protection
 k - a +2 mace of holy wrath
 v - a cursed -3 war axe (weapon)
Missiles
 n - 130 stones (quivered)
Armour
 h - a +0 buckler (worn)
 l - a +0 pair of boots (worn)
 m - a +1 chain mail
 r - a +0 scale mail (worn)
Jewellery
 b - an amulet of rage (around neck)
 d - a ring of positive energy (left hand)
 u - a ring of magical power (right hand)
Wands
 w - a wand of random effects (12)
Scrolls
 a - 3 scrolls of immolation
 c - a scroll of summoning
 f - a scroll of blinking
 i - 4 scrolls of teleportation
 q - a scroll of fear
Potions
 g - a potion of agility
 j - 2 potions of brilliance
 o - a potion of curing
 s - a potion of haste {unknown}
 t - 3 potions of lignification {unknown}
Comestibles
 x - a ration


   Skills:
 + Level 7.8 Fighting
 + Level 8.2 Long Blades
 + Level 6.6(6.8) Axes
 + Level 1.9(4.6) Maces & Flails
 + Level 0.2 Throwing
 + Level 8.5 Armour
 + Level 4.6 Dodging
 + Level 1.3 Stealth
 + Level 3.3 Shields


You had 8 spell levels left.
You didn't know any spells.

Dungeon Overview and Level Annotations

Branches:
Dungeon (8/15)
 Temple: D:4-7         Lair: D:8-11

Altars:
Ashenzari
Dithmenos
Qazlal
Xom
Zin
The Shining One

Annotations:
D:8 Grum


Innate Abilities, Weirdness & Mutations

You reflexively headbutt those who attack you in melee.
You have a pair of horns on your head.


Message History

The hell hound bites you!
* * * LOW HITPOINT WARNING * * *
You open the door. The hell hound bites you.
* * * LOW HITPOINT WARNING * * *
Grum closely misses you. You block the gnoll's attack.
The hell hound bites you.
* * * LOW HITPOINT WARNING * * *
A hell hound comes into view.
The hell hound barks!
Grum misses you. The hell hound closely misses you.
The hell hound bites you but does no damage.
Found a ring mail.
There is an open door here.
The gnoll barely misses you.
The hell hound bites you but does no damage.
As you read the scroll of teleportation, it crumbles to dust.
You feel strangely unstable.
The gnoll hits you from afar with a spear!
You die...

#.......#.#.#
##..........#
........#)###
##......#)#
##....###.# #.#
......# #.# #.#
###...# #.# #.#
....#####.#
#.#######...
#####.....#
#.#h@[......
#.......#
#.#h########
#....##.###.g.......#
#....#.......g[.....#
#...P#..####........#
##..P#..# ##.#######
#.###..# #†# #######
### ...# #.# .......
....# #.###)......


You could see 2 hell hounds and 2 gnolls.

Vanquished Creatures
  Pikel (D:5)
  Grinder (D:4)
  Sigmund (D:6)
  A hungry ghost (D:7)
  An orc warrior (D:7)
  4 ogres
  2 sky beasts
  An ice beast (D:5)
  A phantom (D:4)
  A necrophage (D:6)
  2 wolves (D:8)
  A crocodile (D:8)
  A big kobold (D:7)
  2 bullfrogs (D:7)
  A scorpion (D:7)
  3 crimson imps
  A hound (D:6)
  A jelly (D:6)
  An orc priest (D:4)
  3 iguanas
  5 orc wizards
  4 worker ants
  A hound skeleton (D:7)
  9 gnolls
  5 adders
  A shadow imp (D:5)
  2 oozes
  An adder zombie (D:7)
  2 worms
  A dart slug (D:1)
  6 leopard geckos
  7 orcs
  2 ball pythons
  2 giant cockroaches
  A goblin (D:1)
  7 hobgoblins
  7 jackals
  5 quokkas
  3 bats
  4 frilled lizards
  8 kobolds
  6 rats
  3 plants (D:8)
122 creatures vanquished.

Notes
Turn   | Place    | Note
-------+----------+-------------------------------------------
     0 | D:1      | MMallukka the Minotaur Berserker began the quest for the Orb.
     0 | D:1      | Reached XP level 1. HP: 19/19 MP: 0/0
    60 | D:1      | Reached XP level 2. HP: 10/27 MP: 1/1
   401 | D:1      | Reached ** piety under Trog
   459 | D:2      | Reached XP level 3. HP: 33/33 MP: 2/2
   610 | D:2      | Found a stormy altar of Qazlal.
   702 | D:2      | Found a shadowy altar of Dithmenos.
   702 | D:2      | Found a faded altar of an unknown god.
   708 | D:2      | Found a faded altar of an unknown god.
   713 | D:2      | Found a shimmering altar of Xom.
   715 | D:2      | Found a glowing silver altar of Zin.
   816 | D:2      | Noticed an ogre
   823 | D:2      | Killed an ogre
   823 | D:2      | Reached skill level 5 in Fighting
   823 | D:2      | Reached skill level 1 in Maces & Flails
   823 | D:2      | Reached XP level 4. HP: 16/42 MP: 3/3
  1121 | D:3      | Reached XP level 5. HP: 48/48 MP: 4/4
  1183 | D:3      | Reached skill level 1 in Long Blades
  1335 | D:4      | Reached XP level 6. HP: 6/56 MP: 5/5
  1426 | D:4      | HP: 2/56 [ogre/giant club (6)]
  1704 | D:4      | Noticed Grinder
  1711 | D:4      | Paralysed by Grinder for 5 turns
  1722 | D:4      | Killed Grinder
  1722 | D:4      | Reached skill level 5 in Armour
  1722 | D:4      | Reached skill level 1 in Shields
  1722 | D:4      | Reached XP level 7. HP: 48/62 MP: 6/6
  1813 | D:4      | Reached skill level 5 in Long Blades
  1934 | D:5      | Entered Level 5 of the Dungeon
  1970 | D:5      | Reached XP level 8. HP: 62/70 MP: 7/7
  2148 | D:5      | Noticed Pikel
  2162 | D:5      | Killed Pikel
  2190 | D:5      | Found a glowing golden altar of the Shining One.
  2201 | D:5      | Found a shattered altar of Ashenzari.
  2342 | D:6      | Reached *** piety under Trog
  2610 | D:6      | Noticed Sigmund
  2643 | D:6      | Killed Sigmund
  2643 | D:6      | Reached skill level 1 in Stealth
  2643 | D:6      | Reached XP level 9. HP: 57/78 MP: 8/8
  2710 | D:7      | Reached skill level 5 in Axes
  3658 | D:7      | Paralysed by fainting for 8 turns
  4170 | D:8      | Reached **** piety under Trog
  4573 | D:8      | Noticed Grum
  4604 | D:8      | HP: 2/81 [hell hound (5)]
  4607 | D:8      | Slain by a gnoll

Skill      XL: |  1  2  3  4  5  6  7  8  9 |
---------------+----------------------------+-----
Fighting       | 4 5 6 7 |  7.8
Axes           | 4 6 |  6.6
Maces & Flails | 1 |  1.9
Armour         | 3 5 7 8 |  8.5
Dodging        | 3 4 |  4.6
Long Blades    | 2 4 6 8 |  8.2
Shields        | 1 2 3 |  3.3
Stealth        | 1 |  1.3
Throwing       | |  0.2

Action                   |  1- 3 |  4- 6 |  7- 9 || total
-------------------------+-------+-------+-------++-------
Melee: Hand axe          |    11 |       |       ||    11
       Mace              |    32 |       |       ||    32
       Headbutt          |     6 |    11 |    51 ||    68
       Long sword        |     7 |    60 |    48 ||   115
       War axe           |       |       |   199 ||   199
Throw: Stone             |     2 |       |       ||     2
Invok: Berserk           |     5 |     3 |     8 ||    16
       Trog's Hand       |       |     3 |       ||     3
       Burn Spellbooks   |       |       |     1 ||     1
  Use: Scroll            |     6 |     3 |     5 ||    14
       Potion            |       |     1 |     3 ||     4
  Eat: Chunk             |     4 |     6 |     7 ||    17
       Ration            |       |     1 |     3 ||     4
Armor: Animal skin       |    16 |       |       ||    16
       Chain mail        |     9 |    73 |    63 ||   145
       Scale mail        |       |       |    39 ||    39
Dodge: Dodged            |    37 |    30 |   139 ||   206
Block: Buckler           |     4 |     7 |    43 ||    54
       Rpst.: Long sword |     1 |     3 |     4 ||     8
